 Dungeon Crawl Stone Soup version 0.26.1-10-gdfb7c7de75 (webtiles) character file.

Game seed: 17339029032475382556

43 oldmanjim the Ruffian (level 3, -1/30 HPs)
             Began as a Draconian Transmuter on Mar 31, 2021.
             Slain by an orc wizard
             ... wielding a +0 dagger
              (3 damage)
             ... on level 2 of the Dungeon.
             The game lasted 00:06:44 (919 turns).

oldmanjim the Ruffian (Draconian Transmuter)         Turns: 919, Time: 00:06:45

Health: -1/30      AC:  7    Str: 12    XL:     3   Next: 37%
Magic:  6/6        EV: 12    Int: 14    God:
Gold:   69         SH:  0    Dex: 11    Spells: 5/6 levels left

rFire    . . .     SeeInvis .   d - -1 hunting sling (curse)
rCold    . . .     Faith    .   (no shield)
rNeg     . . .     Spirit   .   (armour unavailable)
rPois    .         Reflect  .   (helmet restricted)
rElec    .         Harm     .   (no cloak)
rCorr    .         Rampage  .   i - +1 pair of gloves
Will     .....                  (no boots)
Stlth    +.........             (no amulet)
HPRegen  0.10/turn              (no ring)
MPRegen  0.10/turn              (no ring)

@: no status effects
A: unfitting armour, cold-blooded, AC +5
a: no special abilities


You were on level 2 of the Dungeon.
You visited 1 branch of the dungeon, and saw 2 of its levels.

You collected 69 gold pieces.

Inventory:

Hand Weapons
 d - a cursed -1 hunting sling (weapon)
Armour
 i - a +1 pair of gloves (worn)
Potions
 b - 2 potions of mutation
 e - a potion of attraction {unknown}
 h - a potion of haste {unknown}


   Skills:
 * Level 2.7 Fighting
 - Level 1.7 Dodging
 + Level 3.3 Unarmed Combat
 - Level 2.0 Spellcasting
 + Level 2.5 Transmutations


You had 5 spell levels left.
You knew the following spells:

 Your Spells              Type           Power        Failure   Level
a - Beastly Appendage     Tmut           16%          9%          1

Your spell library contained the following spells:

 Spells                   Type           Power        Failure   Level
 Wereblood                Tmut           8%           13%         2
 Spider Form              Tmut/Pois      2%           38%         3
 Ice Form                 Ice/Tmut       4%           80%         4
 Blade Hands              Tmut           4%           93%         5


Dungeon Overview and Level Annotations

Branches:
Dungeon (2/15)

Altars:


Innate Abilities, Weirdness & Mutations

Your plain brown scales are hard. (AC +5)
You cannot fit into any form of body armour.
You are cold-blooded and may be slowed by cold attacks.


Message History

The puff of flame hits you.
* * * LOW HITPOINT WARNING * * *
You miss something. Something hits you.
* * * LOW HITPOINT WARNING * * *
Something hits you but does no damage.
You barely miss something. Something hits you but does no damage.
You closely miss something. Your headbutt misses something. Something hits you.
* * * LOW HITPOINT WARNING * * *
Something barely misses you.
You closely miss something. Your kick misses something.
Your horns disappear.
Your talons disappear.
An orc wizard appears from thin air!
Reactivating autopickup.
The orc wizard hits you but does no damage.
You clumsily bash the orc wizard but do no damage.
The orc wizard is heavily wounded.
The orc wizard hits you with a +0 dagger.
* * * LOW HITPOINT WARNING * * *
The orc wizard hits you with a +0 dagger.
You die...

#....+ #<...# #.)..+
#....# # +....# . +.
#....#.. #. #.......
+###..###########....#..
.......@ooo..).....#.#..
##################†#+#..
.............
####...(..... #.....(..(
#..o!..... #.........
#....(..(.. #.........#


You could see an orc wizard and 2 orcs.

Vanquished Creatures
  2 adders (D:2)
  2 orcs (D:2)
  A ball python (D:1)
  4 goblins
  4 hobgoblins
  4 bats
  2 frilled lizards (D:1)
  2 kobolds (D:1)
  4 rats (D:1)
25 creatures vanquished.

Notes
Turn   | Place    | Note
-------+----------+-------------------------------------------
     0 | D:1      | oldmanjim the Draconian Transmuter began the quest for the
                  | Orb.
     0 | D:1      | Reached XP level 1. HP: 16/16 MP: 3/3
   122 | D:1      | Reached XP level 2. HP: 24/24 MP: 3/5
   600 | D:2      | Reached XP level 3. HP: 19/30 MP: 6/6
   919 | D:2      | Slain by an orc wizard

Illustrated notes

Levels and vault maps discovered:
D:1:      amcnicky_arrival_gap_in_the_tavern_cellar, layout_rooms,
          minmay_misc_feat_rows
D:2:      layout_basic, grunt_temple_overflow_open, grunt_decor_mini_mirrors

Skill      XL: |  1  2 |
---------------+-------+-----
Fighting       | 2 |  2.7
Dodging        | |  1.7
Unarmed Combat | |  3.3
Spellcasting   | |  2.0
Transmutations | |  2.5

Action                   || total
-------------------------++-------
Melee: Unarmed           ||    25
       Tailslap          ||     1
       Hunting sling     ||    32
       Kick              ||     6
       Headbutt          ||     5
       Punch             ||     1
 Fire: Hunting sling     ||    37
 Cast: Beastly Appendage ||     6
  Use: Scroll            ||     2
       Potion            ||     1
 Stab: Sleeping          ||     1
Armor: Skin              ||    45
Dodge: Dodged            ||    59
